Cogmind - Beta 9.3 @@@ ROGUE MODE // 2019.12.25 @ 22:53:26 Player: RukoAvali Result: Destroyed by S-10 Pest with Light Assault Rifle Performance ------------- Evolutions (0) 0 Regions Visited (1) 200 Robots Destroyed (19) 95 Value Destroyed (238) 238 Prototype IDs (0) 0 Alien Tech Used (0) 0 Bonus (0) 0 TOTAL SCORE: 533 Bonus ------- None Cogmind --------- Core Integrity 0/250 Matter 290/300 Energy 100/100 System Corruption 0% Temperature Cool (0) Movement Core (150) Ox2 Location -10/Materials Parts ------- > --- POWER (1) -------- (None) > --- PROPULSION (2) --- (None) > --- UTILITY (2) ------ Medium Storage Unit > --- WEAPON (2) ------- (None) > --- INVENTORY (8) ---- Aluminum Leg High-capacity Storage Unit Small Matter Pod (50) Medium Matter Pod (60) Peak State ------------ > --- POWER ------------ Ion Engine > --- PROPULSION ------- Aluminum Leg Aluminum Leg > --- UTILITY ---------- Seismic Analyzer Hacking Suite > --- WEAPON ----------- EM Pulse Gun Grenade Launcher > --- INVENTORY -------- Aluminum Leg Medium Laser [Rating: 9] Favorites ----------- Power Ion Engine Engine Ion Engine Propulsion Aluminum Leg Leg Aluminum Leg Wheel Wheel Utility Seismic Analyzer Storage Medium Storage Unit Processor Seismic Analyzer Hackware Hacking Suite Weapon EM Pulse Gun Energy Gun EM Pulse Gun Launcher Grenade Launcher Special Melee Weapon Datajack Build | -11 -10 ------- Run | Scr Mat Slots Evolved . | . . Power . | . . Propulsion . | . . Utility . | . . Weapon . | . . Parts Attached 25 | 13 12 Power 3 | 2 1 Engine 3 | 2 1 Core . | . . Reactor . | . . Propulsion 4 | 4 . Treads . | . . Leg 2 | 2 . Wheel 2 | 2 . Hover . | . . Flight . | . . Utility 8 | 3 5 Device . | . . Storage 3 | . 3 Processor 4 | 3 1 Hackware 1 | . 1 Protection . | . . Artifact . | . . Weapon 10 | 4 6 Energy Gun 8 | 4 4 Energy Cannon . | . . Ballistic Gun . | . . Ballistic Cannon . | . . Launcher 1 | . 1 Special Weapon . | . . Impact Weapon . | . . Slashing Weapon . | . . Piercing Weapon . | . . Special Melee Weapon 1 | . 1 Unidentified Prototypes . | . . Parts Lost 8 | . 8 Power 2 | . 2 Propulsion 2 | . 2 Utility 1 | . 1 Weapon 3 | . 3 Highest Loss Streak 6 | . 6 Average Slot Usage (%) 85 | . 85 Engine 11 | . 11 Leg 24 | . 24 Storage 4 | . 4 Processor 13 | . 13 Hackware 9 | . 9 Energy Gun 10 | . 10 Launcher 8 | . 8 Special Melee Weapon 1 | . 1 Naked Turns . | . . Heaviest Build 32 | 9 32 Greatest Support 20 | 20 20 Greatest Overweight (x) 4 | . 4 Average Overweight (x) . | . . Largest Inventory Capacity 12 | 4 12 Average Capacity 4 | 4 5 Most Carried 5 | 4 5 Average Carried 2 | 2 3 Final Capacity 8 | 4 8 Final Carried 4 | 3 4 Class Distribution -------------------- 63% | Scavenger-Mutant 36% | Mutant Dominant Class ---------------- Mutant | -10/Materials Resources | -11 -10 ----------- Run | Scr Mat Matter Collected 450 | 310 140 Remotely . | . . Salvage Created 503 | 176 327 Parts 43 | 13 30 Haulers Intercepted 1 | . 1 Recyclers Shooed 7 | . 7 Parts Field Recycled . | . . Retrieved Matter . | . . Parts Self-Destructed . | . . Prevented . | . . Kills | -11 -10 ------- Run | Scr Mat Combat Hostiles Destroyed 5 | 1 4 Guns 4 | 1 3 AOE 1 | . 1 Classes Destroyed 9 | 3 6 Worker 4 | 1 3 Builder 2 | . 2 Tunneler 4 | 4 . Hauler 1 | . 1 Recycler 1 | . 1 Operator 1 | . 1 Watcher 1 | . 1 Swarmer 1 | . 1 Grunt 4 | 1 3 Best Kill Streak 6 | 2 6 Combat Bots Only 2 | 1 2 Max Kills in Single Turn 2 | 1 2 Gunslinging . | . . Exploded 1 | . 1 Melee . | . . Uniques/NPCs Destroyed . | . . Combat | -11 -10 -------- Run | Scr Mat Damage Taken 866 | 35 831 Core 256 | . 256 Absorbed by Shields . | . . Core Remaining (%) 100 | 100 . Volleys Fired 88 | 22 66 Largest 2 | 2 1 Hottest 90 | 90 50 Shots Fired 99 | 33 66 Gun 95 | 33 62 Cannon . | . . Launcher 4 | . 4 Special . | . . Kinetic . | . . Thermal 52 | 11 41 Explosive 4 | . 4 Electromagnetic 43 | 22 21 Robot Hit Streak 8 | 8 4 Robot Miss Streak 4 | 4 4 Penetration Max . | . . Secondary Targets . | . . Shots Hit Robots 51 | 17 34 Core Hits 28 | 6 22 Critical Hits . | . . Critical Kills . | . . Critical Parts Destroyed . | . . Melee Attacks 8 | . 8 Impact . | . . Slashing . | . . Piercing . | . . Sneak Attacks . | . . Combat Hostiles . | . . Follow-up Attacks . | . . Damage Inflicted 1131 | 255 876 Guns 731 | 255 476 Cannons . | . . Explosions 398 | . 398 Melee . | . . Ramming 2 | . 2 Kinetic . | . . Thermal 430 | 63 367 Explosive 398 | . 398 Electromagnetic 301 | 192 109 Impact . | . . Slashing . | . . Piercing . | . . Highest Corruption . | . . Average Corruption . | . . Corruption Purged . | . . Overload Shots . | . . Overflow Damage 8 | . 8 Projectiles . | . . Explosions 8 | . 8 Melee . | . . Knockbacks . | . . Impact . | . . Kinetic . | . . Secondary . | . . Self-Inflicted Damage 14 | . 14 Shots 1 | . 1 Rammed 1 | . 1 Targets Rammed 1 | . 1 Kicked . | . . Crushed . | . . Highest Temperature 120 | 90 120 Average Temperature 42 | 39 44 Received Heat Transfer 261 | 18 243 Siege Activations . | . . Robots Corrupted 1 | 1 . Combat Hostiles . | . . Parts Fried 2 | 2 . Impact Corruptions . | . . Robots Melted . | . . Combat Hostiles . | . . Parts Melted 2 | . 2 Heat Transferred 1258 | 185 1073 Parts Sabotaged . | . . Parts Stolen . | . . Parts Stripped . | . . Power Chain Reactions . | . . Missiles Intercepted . | . . Alert | -11 -10 ------- Run | Scr Mat Peak Influence 159 | 45 159 Average Influence 48 | 21 81 Maximum Alert Level . | . . Low Security (%) 100 | 100 100 Level 1 . | . . Level 2 . | . . Level 3 . | . . Level 4 . | . . Level 5 . | . . High Security . | . . Max Security . | . . Squads Dispatched 4 | . 4 Investigation 1 | . 1 Extermination . | . . Reinforcement 3 | . 3 Assault . | . . Garrison . | . . Intercept . | . . Construction Impeded . | . . Haulers Reinforced . | . . Stealth | -11 -10 --------- Run | Scr Mat Distress Signals 2 | . 2 Communications Jammed . | . . Distress Signals . | . . Times Spotted 23 | 1 22 Peak Tracking Total 9 | 1 9 Tactical Retreats 4 | . 4 Traps | -11 -10 ------- Run | Scr Mat Traps Triggered 1 | . 1 Indirectly . | . . Trap Hack Attempts . | . . Triggered . | . . Disarmed . | . . Reprogrammed . | . . Reused . | . . Traps Extracted . | . . Installed . | . . Triggered . | . . Machines | -11 -10 ---------- Run | Scr Mat Machines Disabled 1 | . 1 Max in Single Turn 1 | . 1 Machines Sabotaged . | . . Garrisons Compromised . | . . Overloaded Fab Kills . | . . Fab Network Shutdowns . | . . Hacking | -11 -10 --------- Run | Scr Mat Machines Accessed . | . . Terminals . | . . Fabricators . | . . Repair Stations . | . . Recycling Units . | . . Scanalyzers . | . . Garrison Access . | . . Total Hacks . | . . Successful . | . . Failed . | . . Catastrophic . | . . Database Lockouts . | . . Manual . | . . Terminals . | . . Fabricators . | . . Repair Stations . | . . Recycling Units . | . . Scanalyzers . | . . Garrison Access . | . . Terminal Hacks . | . . Fabricator Hacks . | . . Repair Station Hacks . | . . Recycling Unit Hacks . | . . Scanalyzer . | . . Garrison Access Hacks . | . . Unauthorized Hacks . | . . Terminals . | . . Fabricators . | . . Repair Stations . | . . Recycling Units . | . . Scanalyzers . | . . Garrison Access . | . . Data Cores Recovered . | . . Used . | . . Hacking Detections . | . . Full Trace Events . | . . Feedback Events . | . . Feedback Blocked . | . . Robot Schematics Acquired . | . . Robots Built . | . . Matter . | . . Time . | . . Total Robot Build Rating . | . . Part Schematics Acquired . | . . Parts Built . | . . Matter . | . . Time . | . . Total Part Build Rating . | . . Parts Repaired . | . . Time . | . . Parts Recycled . | . . Recycled Matter . | . . Retrieved Matter . | . . Retrieved Components . | . . Parts Scanalyzed . | . . Part Schematics Acquired . | . . Parts Damaged . | . . Bothacking | -11 -10 ------------ Run | Scr Mat Used RIF Installer . | . . Robots Hacked . | . . Non-combat . | . . Combat . | . . Robot Hacks Applied . | . . Relay Couplers Released . | . . Robots Rewired . | . . Allies Hacked . | . . Hacks Repelled . | . . Allies | -11 -10 -------- Run | Scr Mat Total Allies . | . . Largest Group . | . . Highest-Rated Group . | . . Highest-Rated Ally . | . . Total Orders . | . . Ally Attacks . | . . Total Damage . | . . Kills . | . . Allies Corrupted . | . . Allies Melted . | . . Intel | -11 -10 ------- Run | Scr Mat Robot Analysis Total . | . . Derelict Logs Recovered . | . . Drone Launches . | . . Drone Recoveries . | . . Exploration | -11 -10 ------------- Run | Scr Mat Turns Passed 754 | 415 339 Spaces Moved 407 | 287 120 Core 37 | 22 15 Treads . | . . Legs 370 | 265 105 Wheels . | . . Hover . | . . Flight . | . . Fastest Speed 50 | 50 120 Average Speed 118 | 114 127 Slowest Speed 250 | 120 250 Overloaded Moves . | . . Propulsion Burnouts . | . . Robots Hopped . | . . Cave-ins Triggered . | . . Exploration Rate (%) 16 | 9 24 Regions Visited 1 Branch Regions . Pre-discovered Areas . | . . Known Exits Taken . | . . Unknown Exits Taken 1 | 1 . Scrap Searched . | . . Spaces Dug . | . . Terrain Destroyed 28 | . 28 Melee . | . . Projectile . | . . AOE 28 | . 28 Actions | -11 -10 --------- Run | Scr Mat Total 571 | 340 231 Wait 10 | . 10 Move 406 | 286 120 Hop . | . . Pick Up 23 | 14 9 Fast Attach . | . . Attach 13 | 9 4 Detach 4 | 2 2 Swap 12 | 4 8 Drop 6 | 3 3 Fire 88 | 22 66 Melee 8 | . 8 Ram 1 | . 1 Kick . | . . Crush . | . . Escape Stasis . | . . Rewire . | . . Trap . | . . Miscellaneous . | . . Route ------- -11/Scrapyard -10/Materials (discovered 1 exit: [*Mat]) History --------- Turn | Location | Event 2 | -11/Scrapyard | Met Revision 17 135 | -11/Scrapyard | Discovered new exit (range 8) 416 | -11/Scrapyard | Entered Materials 469 | -10/Materials | Build established: Scavenger-Mutant 618 | -10/Materials | Discovered new exit (range 16) 723 | -10/Materials | Core integrity fell below 50% 738 | -10/Materials | Core integrity fell below 20% 755 | -10/Materials | Destroyed by S-10 Pest with Light Assault Rifle Last Messages --------------- 00695_ R-06 Scavenger collects Lgt. Ion Engine. 00697_ Ion Engine destroyed. 00699_ O-16 Technician: "IFF HANDSHAKE FAILED. SECURING TERMINAL." 00704_ ALERT: Hostiles spotted, dispatching reinforcements to Terminal M004. 00707_ Aluminum Leg destroyed. 00712_ Acquired Hcp. Storage Unit. Overweight warning: You are carrying more than your current propulsion can efficiently support, which slows movement; see status page ('s') or the top of the parts list for the specific mass vs. support values. 00716_ Critical hit. 00716_ Aluminum Leg destroyed. 00726_ Ion Engine destroyed. 00737_ Slammed into O-16 Technician. Ramming works as a last resort when unarmed or blocked, but can have serious negative consequences. 00737_ Destabilizing: System interference. 00737_ Transport Network Coupler temporarily disabled. 00751_ Transport Network Coupler destroyed. [Achievement: First Step to Greatness] Map ----- +----------------------------------------------------+ | ????????????????????????????? | | ????????????????????????????? | | ?????????????????# ????????? | | ?????????????????# ????????? | | ?????????????????# ###?????? | | ????????????????? ?????? | | ????????????????? ?????? | | ????????????????? ?????? | | ????????????? ?? ?????? | | ????????????# ?????? | | ????????????# """ #????? | | ?????????#### """ #???## | | ????????? """ #?#### | | ????????? < ###### | | ????????? % % | | ????????????????###### =##### | | ?????????????????????#=%#?#=# | | ?????????????????????#%=#??# | | ???##########????????#%!#??# | | ???# ! #????????#//#??## | | ???# """ #????????#*%#???? | | ???# """ !!!#????????#= #???? | | ???# """ !! #????????# #???? | | ???# gg !! #????????# #???? | | ???#s"" #????????# #???? | | ???#@"Tg #????????# #???? | | ???#s"" [ #????????# #???? | | ???# gg #????????# #???? | | ########+############# #???? | | # ! / #???? | | # # #???? | | # " # !! """" #???? | | # """ # % """" #???? | | # "" # !! """" #???? | | # """ + #???? | | # "" # #???? | | # """ # ##+##### ######???? | | # """ # #??????# #????????? | | # """ # #??????# #????????? | | ? " ####?????? ????????? | | ? #?????????? ???????? | | ?######??????????#+##+??????? | | ????????????????????????????? | | ????????????????????????????? | | ????????????????????????????? | | ????????????????????????????? | | ????????????????????????????? | | | | | | | +----------------------------------------------------+ Best States ------------- Heat Dissipation 25 Energy Generation 10 Energy Capacity 250 Matter Stores 300 Matter Capacity 300 Sight Range 16 Terrain Scan Density 110 Evasion (%) 50 Offensive Hacking 10 Item Schematics ----------------- None Robot Schematics ------------------ None Fabricated ------------ Nothing Alien Tech Used ----------------- None Achievements -------------- First Step to Greatness Hey, That's Mine! Loot Pinata Power Corrupts Uninvited Guest Challenges ------------ None Game ------ Seed HardlightNeutronMace Manual? 0 Play Time 00:56:16 Cumulative 1.8 hours Start 2019.12.25 @ 13:25:29 End 2019.12.25 @ 22:53:26 Sessions 2 Manual Loads 0 Difficulty Rogue Special Mode None Game No. 1 Rogue 1 Adventurer 0 Explorer 0 Win Type - Total 0 Types 0/0/0/0/0/0/0 Lore% 0 Gallery% 1 Achievement% 1 Wizard Run 0 Options --------- ASCII 0 Keyboard 0 Movement Mouse Keybinds 0 Fullscreen 2 Font 20/X11 Map View 76x50 Tactical HUD 1 Map Filters NONE Filters NONE Steam 1 RUN: cbcadb87-6da8-431d-a442-668774dac3ee